Map: Orbital Shipyard

Players

PiLiPiLi

  • Race: Protoss Protoss
  • League: Grandmaster

Seither - Winner!

  • Race: Terran Terran
  • League: Master

VOD

Have the link to the VOD?

Description

Time

  • Played on: Dec. 13, 2015, 3:25 a.m.
  • Length: 14:56
Show
View Real Time Build Order
Export as new Build Order

PiLiPiLi Protoss 

Build Orders: 1 Gate Expand 

Get SALT Encoding   

  12  0:01  Probe (Chrono Boost)  
  13  0:11  Probe (Chrono Boost)  
  14  0:18  Pylon  
  14  0:22  Probe (Chrono Boost)  
  15  0:36  Probe (Chrono Boost), Gateway  
  16  0:46  Probe (Chrono Boost), Assimilator  
  17  0:57  Probe (Chrono Boost)  
  18  1:08  Probe (Chrono Boost)  
  19  1:17  Nexus  
  19  1:20  Probe (Chrono Boost)  
  20  1:30  Cybernetics Core  
  20  1:33  Probe (Chrono Boost)  
  20  1:38  Assimilator  
  21  1:44  Probe (Chrono Boost)  
  22  1:49  Pylon  
  22  1:54  Probe (Chrono Boost)  
  23  2:07  Probe (Chrono Boost), Adept (Chrono Boost)  
  23  2:08  Warp Gate  
  24  2:24  Mothership Core  
  24  2:27  Probe  
  26  2:38  Probe  
  26  2:39  Adept (Chrono Boost)  
  29  2:45  Probe  
  29  2:48  Probe  
  31  2:52  Twilight Council  
  31  2:58  Probe (Chrono Boost)  
  32  3:00  Probe (Chrono Boost)  
  33  3:09  Probe (Chrono Boost)  
  33  3:11  Probe (Chrono Boost)  
  35  3:20  Probe (Chrono Boost)  
  35  3:22  Probe (Chrono Boost)  
  37  3:29  Resonating Glaives (Chrono Boost)  
  37  3:30  Probe (Chrono Boost)  
  37  3:32  Probe (Chrono Boost)  
  37  3:33  Robotics Facility  
  40  3:41  Probe (Chrono Boost)  
  40  3:43  Probe (Chrono Boost)  
  40  3:45  Pylon  
  41  3:53  Probe (Chrono Boost)  
  41  3:54  Probe (Chrono Boost)  
  43  3:58  Pylon  
  43  4:04  Probe (Chrono Boost)  
  44  4:11  Probe (Chrono Boost)  
  44  4:14  Probe (Chrono Boost)  
  44  4:17  Gateway  
  46  4:18  Gateway  
  46  4:20  Probe, Observer (Chrono Boost), Pylon  
  46  4:26  Probe  
  47  4:31  Stalker  
  47  4:33  Pylon  
  47  4:34  Probe  
  47  4:35  Pylon  
  48  4:38  Observer (Chrono Boost)  
  48  4:52  Warp Prism (Chrono Boost)  
  48  4:58  Gateway  
  50  5:00  Gateway  
  50  5:01  Gateway  
  50  5:12  Probe  
  50  5:13  Probe  
  50  5:17  Stalker, Blink (Chrono Boost)  
  52  5:22  Pylon  
  52  5:26  Adept  
  52  5:27  Adept  
  56  5:37  Probe, Pylon  
  56  5:38  Probe  
  56  5:41  Assimilator  
  58  5:46  Assimilator  
  58  5:49  Probe  
  59  5:50  Probe  
  60  6:07  Adept x5  
  60  6:08  Adept  
  64  6:13  Probe  
  64  6:14  Probe  
  61  6:25  Probe  
  60  6:28  Stalker x4  
  67  6:39  Probe  
  65  6:44  Probe  
  54  6:51  Probe  
  55  6:54  Dark Shrine  
  55  6:56  Probe  
  54  7:02  Warp Prism  
  54  7:03  Probe  
  54  7:08  Probe  
  58  7:13  Stalker  
  58  7:14  Stalker x2  
  64  7:16  Stalker  
  66  7:26  Stalker  
  66  7:27  Stalker  
  70  7:37  Probe  
  71  7:45  Nexus  
  71  7:47  Probe  
  71  7:51  Stalker x2  
  74  7:55  Probe  
  76  8:03  Probe  
  74  8:07  Probe  
  75  8:15  Probe  
  75  8:17  Pylon  
  76  8:21  Probe  
  77  8:30  Sentry, Stalker x4  
  77  8:33  Observer (Chrono Boost)  
  88  8:47  Probe  
  89  8:52  Robotics Bay  
  89  8:54  Dark Templar x2  
  93  8:56  Probe  
  93  8:57  Probe  
  93  8:59  Probe  
  94  9:10  Probe  
  94  9:12  Probe  
  94  9:14  Probe  
  97  9:18  Stalker  
  97  9:19  Stalker x3  
  97  9:21  Probe  
  106  9:26  Probe  
  106  9:27  Probe  
  108  9:32  Pylon  
  103  9:59  Disruptor (Chrono Boost)  
  104  10:06  Stalker  
  104  10:07  Stalker x4  
  108  10:09  Probe  
  108  10:11  Probe, Assimilator  
  108  10:12  Probe  
  113  10:16  Adept, Assimilator  
  115  10:21  Probe  
  115  10:22  Probe  
  115  10:24  Pylon  
  117  10:30  Disruptor (Chrono Boost)  
  120  10:35  Gateway  
  120  10:38  Gateway  
  120  10:39  Pylon  
  120  10:41  Pylon  
  120  10:42  Adept x6  
  132  10:51  Forge  
  132  10:53  Forge  
  132  10:55  Probe  
  133  10:57  Pylon  
  133  11:01  Disruptor (Chrono Boost)  
  136  11:08  Adept x4  
  117  11:26  Adept x2  
  101  11:33  Stalker x4  
  101  11:35  Probe  
  101  11:36  Pylon  
  101  11:37  Pylon  
  110  11:41  Disruptor (Chrono Boost)  
  113  11:59  Assimilator  
  113  12:04  Adept x7  
  113  12:05  Adept  
  129  12:16  Nexus  
  129  12:19  Pylon  
  129  12:20  Probe x2  
  129  12:21  Pylon  
  131  12:23  Pylon  
  131  12:26  Disruptor  
  131  12:30  Probe  
  135  12:38  Dark Templar x2, Zealot  
  135  12:39  Zealot  
  142  12:45  Adept  
  142  12:46  Adept  
  135  12:55  Stalker x2  
  131  13:03  Adept x2  
  121  13:17  Adept x4  
  121  13:18  Protoss Ground Weapons Level 1 (Chrono Boost)  
  127  13:21  Adept x2  
  131  13:33  Pylon  
  126  13:48  Stalker x2  
  126  13:49  Stalker  
  126  13:53  Adept, Disruptor  
  132  13:57  Stalker  
  132  14:01  Pylon  
  137  14:05  Pylon  
  137  14:10  Pylon  
  137  14:15  Stalker  
Show
View Real Time Build Order
Export as new Build Order

Seither Terran - Winner!

Build Orders: Cyclone Opening, MMM Bio 

Get SALT Encoding   

  12  0:00  SCV  
  13  0:13  SCV  
  14  0:18  Supply Depot  
  14  0:25  SCV  
  15  0:40  SCV  
  15  0:42  Barracks  
  16  0:48  Refinery  
  16  0:52  SCV  
  17  0:58  Refinery  
  17  1:04  SCV  
  18  1:16  SCV  
  19  1:30  Reaper  
  19  1:31  Orbital Command  
  20  1:40  Supply Depot  
  20  1:51  Factory  
  20  1:57  SCV  
  21  2:03  Barracks Tech Lab  
  21  2:09  SCV  
  22  2:21  SCV  
  23  2:33  SCV  
  24  2:37  Starport  
  24  2:38  Factory Tech Lab  
  24  2:45  Supply Depot, SCV  
  25  2:57  SCV, Cyclone  
  29  3:10  SCV  
  30  3:13  Command Center  
  30  3:19  Cloaking Field  
  30  3:22  SCV  
  30  3:25  Banshee  
  34  3:34  SCV  
  35  3:36  Supply Depot  
  35  3:46  SCV  
  36  3:58  SCV  
  36  4:10  SCV, Banshee  
  36  4:15  Command Center  
  40  4:22  SCV  
  41  4:26  Orbital Command  
  41  4:28  Barracks Reactor  
  41  4:31  Siege Tank  
  44  4:34  SCV  
  45  4:41  Supply Depot, Liberator  
  45  4:46  SCV  
  43  4:55  Barracks  
  43  4:56  Barracks  
  46  5:03  SCV x2  
  48  5:10  Siege Tank  
  48  5:12  Marine x2  
  53  5:24  SCV x2  
  53  5:27  Bunker, Orbital Command  
  55  5:29  Bunker  
  55  5:30  Marine x2  
  57  5:36  SCV x2  
  57  5:40  Refinery  
  59  5:48  Marine x2  
  61  5:51  Siege Tank  
  61  5:54  SCV x2, Bunker  
  66  5:57  Barracks Tech Lab x2  
  66  6:05  Engineering Bay  
  63  6:14  Marine x2  
  63  6:16  SCV x2  
  65  6:20  Marauder x2  
  69  6:30  Combat Shields, Stimpack  
  69  6:32  Marine x2  
  60  6:41  Marine x2  
  61  6:54  SCV  
  61  6:55  SCV  
  60  7:04  Factory Reactor, Barracks x2  
  60  7:05  Marauder x2, Marine x2  
  60  7:07  SCV x2  
  68  7:16  Missile Turret  
  68  7:17  SCV  
  68  7:18  Missile Turret  
  68  7:19  SCV  
  68  7:20  SCV  
  71  7:22  Marine  
  71  7:27  Refinery  
  72  7:31  Supply Depot  
  72  7:32  SCV x3  
  75  7:44  Marauder  
  75  7:45  Marauder  
  75  7:46  SCV x3  
  75  7:50  Factory Reactor  
  82  7:52  Marauder  
  82  7:53  Bunker, Marine x2  
  86  8:04  SCV x3  
  86  8:08  Concussive Shells, Marauder x2  
  90  8:14  Marauder  
  90  8:18  Starport  
  92  8:22  SCV  
  93  8:27  Missile Turret, Marine  
  93  8:28  SCV  
  93  8:32  Supply Depot x2  
  93  8:33  Widow Mine x2  
  93  8:34  Marauder, Marine  
  100  8:41  Marine  
  101  8:49  Supply Depot  
  101  8:50  Terran Infantry Weapons Level 1  
  101  8:52  Supply Depot, Engineering Bay  
  101  8:54  Marauder x2  
  101  8:55  SCV x3, Marauder  
  108  8:56  Missile Turret  
  108  8:58  Marine x2  
  110  9:10  Medivac x2  
  110  9:16  Factory Reactor  
  114  9:17  Missile Turret  
  114  9:19  Marauder x2, Missile Turret, Marine x2  
  114  9:20  Marauder  
  122  9:32  Marine, Orbital Command  
  122  9:38  Terran Infantry Armor Level 1  
  123  9:41  Marauder x2  
  127  9:49  Refinery  
  127  9:53  Missile Turret  
  127  9:55  Marine  
  127  9:56  Marauder  
  127  9:59  Medivac  
  132  10:04  Supply Depot  
  132  10:18  SCV  
  133  10:23  Supply Depot  
  133  10:24  Supply Depot x2  
  133  10:25  SCV x2, Medivac  
  133  10:26  Marauder  
  133  10:27  Marine x2  
  141  10:33  Starport  
  141  10:45  SCV x3, Marauder x2, Marine  
  141  10:48  Supply Depot  
  149  10:50  Armory  
  149  10:52  Supply Depot  
  149  10:55  Marauder, Marine x2  
  153  10:57  SCV x2  
  153  10:59  Medivac x2  
  153  11:00  SCV  
  160  11:07  Supply Depot  
  160  11:08  Supply Depot  
  159  11:13  Liberator x3  
  159  11:21  Marine  
  159  11:22  Marauder x3, Marine x2  
  135  11:26  SCV x2  
  132  11:37  SCV  
  132  11:38  SCV, Terran Infantry Weapons Level 2  
  134  11:40  Terran Infantry Armor Level 2  
  134  11:48  Marauder x2, Marine x3  
  134  11:49  Marauder  
  136  12:02  Barracks  
  136  12:03  Barracks, Liberator x2  
  136  12:05  Barracks, Marine  
  136  12:06  Marine x3  
  140  12:10  Marauder  
  140  12:15  Supply Depot  
  142  12:16  Refinery  
  142  12:20  Medivac  
  150  12:35  Marine x2  
  150  12:36  Marauder x3  
  158  12:40  Orbital Command  
  157  12:47  Marine  
  155  12:55  Missile Turret  
  155  12:57  Marauder  
  155  12:58  Marauder x2, Marine x2  
  163  12:59  Barracks Reactor, Barracks Tech Lab x2  
  163  13:12  Liberator x2  
  160  13:14  Marine x2  
  160  13:18  Marauder  
  152  13:20  Marauder  
  149  13:27  Marine  
  149  13:28  Marauder x2, Marine  
  159  13:36  SCV x2  
  157  13:47  Marine, Marauder, Liberator  
  157  13:48  Marine x2, Marauder x2  
  166  13:49  Marauder  
  166  13:53  Medivac  
  167  14:03  Marauder, Marine x2  
  167  14:09  Marauder x2  
  178  14:10  Bunker  
  178  14:16  Refinery  
  178  14:17  Refinery  
  178  14:19  Marine  
  178  14:20  Marauder x2, Marine  
  184  14:29  Marauder, Marine x2  
  184  14:30  Marauder  
  186  14:32  Sensor Tower  
  186  14:33  Marauder, Marine x2  
Tags
 
Add a new tag
Caveats
  • Supply blocks, unpowered buildings, or Contaminate may cause inaccurate times.
  • Supply counts are checked every 10 seconds.